 Dungeon Crawl Stone Soup version 0.27.1-34-g3ba077fa99 (webtiles) character file.

Game seed: 8482713978870110757

5 Cykl0x the Slasher (level 1, -2/12 HPs)
             Began as a Gargoyle Gladiator on Jan 12, 2022.
             Frozen to death by an endoplasm (5 damage)
             ... on level 1 of the Dungeon.
             The game lasted 00:00:47 (186 turns).

Cykl0x the Slasher (Gargoyle Gladiator)              Turns: 186, Time: 00:00:48

Health: -2/12      AC:  6    Str: 17    XL:     1   Next: 80%
Magic:  10/10      EV: 12    Int:  8    God:
Gold:   13         SH:  0    Dex: 11    Spells: 0/0 levels left

rFire    . . .     SeeInvis .   a - +0 long sword
rCold    . . .     Faith    .   (no shield)
rNeg     + . .     Spirit   .   b - +0 leather armour
rPois    ∞         Reflect  .   c - +0 helmet
rElec    +         Harm     .   (no cloak)
rCorr    .         Rampage  .   (no gloves)
Will     .....                  (no boots)
Stlth    +.........             (no amulet)
HPRegen  0.04/turn              f - ring of magical power
MPRegen  0.12/turn              (no ring)

@: no status effects
A: sickness immunity, AC +2, negative energy resistance 1, electricity
resistance, torment resistance 1, petrification resistance
a: no special abilities


You were on level 1 of the Dungeon.
You visited 1 branch of the dungeon, and saw 1 of its levels.

You collected 13 gold pieces.

Inventory:

Hand Weapons
 a - a +0 long sword (weapon)
Missiles
 d - a throwing net (quivered)
 e - 32 stones
Armour
 b - a +0 leather armour (worn)
 c - a +0 helmet (worn)
Jewellery
 f - a ring of magical power (left hand)


   Skills:
 + Level 2.2 Fighting
 + Level 2.8 Long Blades
 + Level 1.7 Throwing
 * Level 0.5 Armour
 + Level 2.5 Dodging


You couldn't memorise any spells.
You didn't know any spells.
Your spell library was empty.

Dungeon Overview and Level Annotations

Branches:
Dungeon (1/15)

Altars:


Innate Abilities, Weirdness & Mutations

You are immune to sickness and miasma.
Your stone body is resilient. (AC +2)
You are immune to poison.
You resist negative energy. (rN+)
You are resistant to electric shocks. (rElec)
You are resistant to unholy torment.
You are immune to petrification.


Message History

The jackal is caught in the net!
The jackal is moderately wounded.
The jackal struggles against the net.
You slash the jackal!
You kill the jackal!
The ball python bites you.
* * * LOW HITPOINT WARNING * * *
The ball python grabs you. The ball python constricts you.
You hit the ball python.
You kill the ball python!
You barely miss the kobold. The kobold barely misses you.
You riposte.
You closely miss the kobold.
Unknown command.
The jackal barely misses you.
Found 9 gold pieces.
The jackal bites you but does no damage.
The jackal barely misses you.
You riposte.
You barely miss the jackal.
Found a robe.
The jackal bites you but does no damage.
You aren't carrying any potions.
The jackal misses you. The jackal closely misses you.
You riposte.
You barely miss the jackal. The kobold hits you but does no damage.
The jackal barely misses you.
Found 17 gold pieces.
The jackal closely misses you.
You aren't carrying any potions.
You aren't carrying any scrolls.
You slash the jackal!
You kill the jackal!
Throw: 2 throwing nets
Press: ? - help, Q - select action, (/) - cycle Shift-Dir - straight line, f - endoplasm
Aim: an endoplasm (85% to hit)
You throw a throwing net. The throwing net hits the endoplasm.
The endoplasm is caught in the net!
The endoplasm struggles against the net.
You hit the endoplasm but do no damage. The endoplasm freezes you.
You are frozen.
You die...

#........##.##.#
#..##.##.#...#.#
#.)#...#.......#
#............#.#
#..#...#..#.##.# ##
#..##...........
####.........?.....##.
#.#....####.##.#..#...#.
.......@JhK.#........[..
#.#$.#####........#...#.
# #..#...#.##.##$
#..##.##.......
##.........####
########.## .# ##


You could see an endoplasm (caught), a jackal and a kobold.

Vanquished Creatures
  A goblin (D:1)
  2 jackals (D:1)
  2 ball pythons (D:1)
5 creatures vanquished.

Notes
Turn   | Place    | Note
-------+----------+-------------------------------------------
     0 | D:1      | Cykl0x the Gargoyle Gladiator began the quest for the Orb.
     0 | D:1      | Reached XP level 1. HP: 12/12 MP: 1/1
   186 | D:1      | Frozen to death by an endoplasm

Illustrated notes

Levels and vault maps discovered:
D:1:      dpeg_arrival_arbitrary_a, layout_rooms,
          hangedman_decor_clover_reticule, chequers_serial_rivers_micro_a

Action                   || total
-------------------------++-------
Melee: Long sword        ||    15
Throw: Throwing net      ||     2
       Stone             ||     1
Armor: Leather armour    ||    15
Dodge: Dodged            ||    24
       Rpst.: Long sword ||     9
